 Dungeon Crawl Stone Soup version 0.28-a0-1493-g08698888e4 (webtiles) character file.

Game seed: 9236742630861570768

43 tilp the Ducker (level 3, -5/17 HPs)
             Began as a Felid Berserker on Jan 12, 2022.
             Was a Follower of Trog.
             Slain by a worm (9 damage)
             ... on level 2 of the Dungeon.
             The game lasted 00:02:08 (1888 turns).

tilp the Ducker (Felid Berserker)                   Turns: 1888, Time: 00:02:08

Health: -5/17      AC:  1    Str: 15    XL:     3   Next: 37%
Magic:  4/4        EV: 18    Int:  8    God:    Trog [*.....]
Gold:   22         SH:  0    Dex: 15    Spells: 2/2 levels left
                                        Lives:  0   Deaths: 0

rFire   . . .      SeeInvis +     - Unarmed
rCold   . . .      Faith    .   (shield unavailable)
rNeg    . . .      Spirit   .   (armour unavailable)
rPois   .          Reflect  .   (helmet unavailable)
rElec   .          Harm     .   (cloak unavailable)
rCorr   .          Rampage  .   (gloves unavailable)
Will    .....                   (boots unavailable)
Stlth   ++........              (no amulet)
HPRegen 0.05/turn               (no ring)
MPRegen 0.09/turn               (no ring)

@: on berserk cooldown, slowed, slow
A: very small, claws 1, fangs 3, see invisible, speed 1, shaggy fur 1, stealthy
paws, no weapons or thrown items, no armour, multi-lived
a: Renounce Religion, Berserk


You were on level 2 of the Dungeon.
You worshipped Trog.
Trog was aware of your devotion.
You visited 1 branch of the dungeon, and saw 2 of its levels.

You collected 22 gold pieces.

Inventory:

Scrolls
 a - a scroll of magic mapping
 b - a scroll of teleportation {unknown}
Potions
 c - a potion of berserk rage
 e - a potion of heal wounds
 f - a potion of lignification {unknown}
 g - a potion of cancellation {unknown}


   Skills:
 - Level 3.0 Fighting
 - Level 4.0 Dodging
 + Level 3.1 Stealth
 + Level 3.8 Unarmed Combat


You had 2 spell levels left.
You didn't know any spells.
Your spell library was empty.

Dungeon Overview and Level Annotations

Branches:
Dungeon (2/15)

Altars:


Innate Abilities, Weirdness & Mutations

You have sharp claws.
You have razor-sharp teeth.
You have supernaturally acute eyesight. (SInv)
You cover ground quickly. (Speed+)
You are covered in fur. (AC +1)
Your paws help you pounce on unaware monsters.
You are incapable of wielding weapons or throwing items.
You cannot wear armour.
You gain extra lives every three experience levels.


Message History

You start resting.
A worm is nearby!
There is a stone staircase leading up here.
You start resting.
A worm is nearby!
A red film seems to cover your vision as you go berserk!
You feel yourself moving faster!
You feel mighty!
You feel a strong urge to attack something.
You feel your anger nearly subside.
You are no longer berserk.
You are exhausted.
You feel yourself slow down.
You claw the worm! Your bite misses the worm.
The worm is heavily wounded.
The worm misses you.
You scratch the worm.
The worm is severely wounded.
You completely miss the worm.
The worm is severely wounded.
The worm completely misses you.
You barely miss the worm.
The worm is severely wounded.
The worm bites you!
Ouch! That really hurt!
* * * LOW HITPOINT WARNING * * *
You scratch the worm but do no damage. You bite the worm.
The worm is severely wounded.
The worm barely misses you.
Unknown command.
You scratch the worm but do no damage.
The worm is heavily wounded.
The worm completely misses you.
You claw the worm!
The worm is almost dead.
The worm closely misses you.
You barely miss the worm.
The worm is almost dead.
The worm bites you!
Ouch! That really hurt!
You die...

.. #..# #.##.# ..
#..# #.##.# g..
#..# #.##.# #..#
#.##.# #... #.##.#
#....# ##.### #w#
...#.# #@# #..#.#
#.# #..#.# #.#
######..#.#####.#
........#.......#
#..###.#.......#
.##..............##
..................#
.##...##.#.......##


You could see a worm.

Vanquished Creatures
  2 adders (D:2)
  A worm (D:2)
  A dart slug (D:2)
  3 bats (D:1)
  2 endoplasms (D:1)
  2 giant cockroaches
  A hobgoblin (D:2)
  2 kobolds
  2 quokkas
  A ball python (D:1)
  2 frilled lizards
  A rat (D:1)
20 creatures vanquished.

Vanquished Creatures (others)
  A plant (D:1)
1 creature vanquished.

Grand Total: 21 creatures vanquished

Notes
Turn   | Place    | Note
-------+----------+-------------------------------------------
     0 | D:1      | tilp the Felid Berserker began the quest for the Orb.
     0 | D:1      | Reached XP level 1. HP: 10/10 MP: 2/2
    38 | D:1      | Found a faded altar of an unknown god.
    53 | D:1      | Reached skill level 1 in Stealth
   447 | D:1      | Reached XP level 2. HP: 9/14 MP: 3/3
  1541 | D:2      | Reached XP level 3. HP: 16/17 MP: 4/4
  1888 | D:2      | Slain by a worm

Illustrated notes

Levels and vault maps discovered:
D:1:      nzn_arrival_water_spiral, layout_basic,
          hellmonk_ecumenical_altar_heavens_door, serial_forest,
          infiniplex_forest_clump_cross, infiniplex_forest_end_2,
          infiniplex_forest_end_3, infiniplex_forest_straight_2,
          infiniplex_forest_fountain
D:2:      layout_loops_ring, st_stairs_8, grunt_decor_cap, uniq_robin

Skill      XL: |  1  2  3 |
---------------+----------+-----
Stealth        | 1 2 3 |  3.1
Fighting       | |  3.0
Dodging        | |  4.0
Unarmed Combat | |  3.8

Action                   || total
-------------------------++-------
Melee: Unarmed           ||    61
       Bite              ||     5
       Punch             ||     2
Invok: Berserk           ||     5
  Use: Scroll            ||     4
 Stab: Sleeping          ||     3
Dodge: Dodged            ||    31

Table legend: (Time is in decaauts)
 A = Elapsed time spent in this place.
 B = Non-inter-level travel time spent in this place.
 C = Inter-level travel time spent in this place.
 D = Time resting spent in this place.
 E = Time spent auto-exploring this place.
 F = Levels seen in this place.
 G = Mean time per level.
                   A        B        C        D        E       F      G
               +--------+--------+--------+--------+--------+-----+--------+
         Total |   1753 |   1742 |     11 |    899 |    629 |   2 |  876.5 |
       Dungeon |   1753 |   1742 |     11 |    899 |    629 |   2 |  876.5 |
               +--------+--------+--------+--------+--------+-----+--------+

Top non-repeatable levels by time:
     D:1: 1021 daAuts
     D:2: 732 daAuts
